LOS ANGELES Kings vs SEATTLE Kraken

Created - 26 février 2024 at 23:15

Goals
1 2 3 T
LOS ANGELES Kings 1 1 0 2
SEATTLE Kraken 0 3 0 3
Shots
1 2 3 T
LOS ANGELES Kings 4 4 3 11
SEATTLE Kraken 7 8 15 30

1st period

1. LOS ANGELES Kings , Jonathan Huberdeau 8 (Drew Doughty 13, Mark Stone 5) at 8:49

Penalties :
Arber Xhekaj (SEA) for Interference (Minor) at 1:34, Oskar Sundqvist (LAK) for Holding (Minor) at 12:14

2nd period

2. SEATTLE Kraken , Jordan Greenway 13 (Radko Gudas 20, Brendan Lemieux 12) at 2:44
3. SEATTLE Kraken , Radko Gudas 6 (Jordan Greenway 13, Joel Hanley 9) at 15:46 (PP)
4. SEATTLE Kraken , Zack MacEwen 2 (Ryan Kesler 4, Arber Xhekaj 11) at 16:02
5. LOS ANGELES Kings , Jonathan Huberdeau 9 (Dawson Mercer 11, Rasmus Andersson 14) at 16:43

Penalties :
Joel Hanley (SEA) for Slashing (Minor) at 4:30, Rasmus Andersson (LAK) for High sticking (Minor) at 14:39, Mitchell Marner (LAK) for Interference (Minor) at 19:37

3rd period

No Goal

Penalties :
Marcus Pettersson (LAK) for Slashing (Minor) at 3:47, Radko Gudas (SEA) for Interference (Minor) at 8:18, Marc Staal (LAK) for Hooking (Minor) at 11:17, Arber Xhekaj (SEA) for Hooking (Minor) at 17:13

Goalie Stats

Kaapo Kahkonen (LAK), 27 saves from 30 shots - (0,900), L, 1-3-0, 58:52 minutes
Sergei Bobrovsky (SEA), 9 saves from 11 shots - (0,818), W, 9-16-6, 60:00 minutes

Players Stats for LOS ANGELES Kings

Player Name              G  A  P  +/- PIM S  H  SB GA TA FO     MP     PP MP  PK MP  
------------------------------------------------------------------------------------
Anze Kopitar             0  0  0  -1  0   2  0  0  0  0  14/23  22:39   4:08   2:23 
Calle Rosen              0  0  0   0  0   0  0  2  0  0  0/0    15:22   0:00   0:14 
Carl Grundstrom          0  0  0  -1  0   2  1  0  0  0  0/0    14:13   0:00   0:00 
Dawson Mercer            0  1  1   2  0   0  0  1  0  0  14/26  20:45   3:48   5:07 
Dominik Kubalik          0  0  0  -1  0   0  2  0  0  0  1/1    18:05   3:48   0:00 
Drew Doughty             0  1  1   0  0   0  4  1  0  0  0/0    24:09   4:13   4:27 
Hampus Lindholm          0  0  0   0  0   0  0  2  0  0  0/0    20:51   3:43   3:57 
Joel Kiviranta           0  0  0   0  0   0  0  0  0  0  0/0     0:00   0:00   0:00 
Jonathan Huberdeau       2  0  2   2  0   3  2  0  0  0  1/1    18:17   4:08   0:42 
Marc Staal               0  0  0   0  2   1  0  2  0  0  0/0    15:13   0:00   0:00 
Marcus Pettersson        0  0  0   0  2   1  1  1  0  0  0/0    22:50   3:43   4:47 
Mark Stone               0  1  1   2  0   0  1  0  0  0  1/1    16:28   3:48   0:00 
Mitchell Marner          0  0  0  -1  2   1  2  1  0  0  0/4    24:26   4:08   3:21 
Oskar Sundqvist          0  0  0  -1  2   1  0  1  0  0  7/15   14:12   0:00   0:00 
Parker Kelly             0  0  0   0  0   0  0  0  0  0  0/0     0:00   0:00   0:00 
Pierre Engvall           0  0  0   0  0   0  0  0  0  0  0/0     7:37   0:00   6:33 
Rasmus Andersson         0  1  1   0  2   0  5  1  0  0  0/0    21:32   4:13   4:41 
Rem Pitlick              0  0  0  -1  0   0  1  0  0  0  0/0    14:13   0:00   0:00 

Players Stats for SEATTLE Kraken

Player Name              G  A  P  +/- PIM S  H  SB GA TA FO     MP     PP MP  PK MP  
------------------------------------------------------------------------------------
Arber Xhekaj             0  1  1   1  4   1  2  2  0  0  0/0    13:54   0:02   0:00 
Brendan Lemieux          0  1  1   1  0   2  3  1  0  0  1/5    25:33   3:34   4:45 
Givani Smith             0  0  0  -1  0   3  0  0  0  0  0/2    11:35   0:00   0:00 
Jake Gardiner            0  0  0  -1  0   0  0  1  0  0  0/0    23:13   3:44   4:41 
Jakub Zboril             0  0  0   1  0   1  2  1  0  0  0/0    22:19   5:07   3:46 
Joel Hanley              0  1  1   0  2   0  2  2  0  0  0/0    22:23   4:43   3:22 
John Hayden              0  0  0   0  0   0  0  0  0  0  0/0     0:32   0:02   0:00 
Jordan Greenway          1  1  2   0  0   4  1  2  0  0  0/2    20:14   3:34   2:40 
Jordan Gross             0  0  0   0  0   0  1  0  0  0  0/0    15:40   0:02   0:51 
Liam O'Brien             0  0  0   0  0   0  0  1  0  0  1/1    14:51   0:02   0:25 
Luke Kunin               0  0  0   0  0   2  1  0  0  0  10/21  21:38   3:34   4:51 
Mathieu Olivier          0  0  0  -1  0   1  0  0  0  0  10/12  11:35   0:00   0:00 
Matt Martin              0  0  0   0  0   3  3  1  0  0  0/3    21:02   5:27   2:40 
Matty Beniers            0  0  0   0  0   7  0  0  0  0  10/20  18:22   5:27   0:00 
Radko Gudas              1  1  2  -1  2   2  1  1  0  0  0/0    22:27   4:28   3:12 
Ryan Kesler              0  1  1   1  0   1  0  0  0  0  0/0     5:51   0:02   0:31 
Wayne Simmonds           0  0  0  -1  0   1  2  0  0  0  0/0    16:20   5:27   0:00 
Zack MacEwen             1  0  1   1  0   2  1  0  0  0  1/5     4:31   0:00   0:00 

3 Stars

1 - Jonathan Huberdeau (LAK)
2 - Jordan Greenway (SEA)
3 - Zack MacEwen (SEA)

Power Play

LOS ANGELES Kings - 0 on 4 Attempt(s) - 0,00%
SEATTLE Kraken - 1 on 5 Attempt(s) - 20,00%

Penalty Kill

LOS ANGELES Kings - 4 on 5 Attempt(s) - 80,00% - Score 0 goal in Penalty Kill
SEATTLE Kraken - 4 on 4 Attempt(s) - 100,00% - Score 0 goal in Penalty Kill

Team Stat

LOS ANGELES Kings - Hits : 19 - Faceoff Wins : 38 - Blocked Shots : 12 - Penalty Minutes : 10
SEATTLE Kraken - Hits : 19 - Faceoff Wins : 33 - Blocked Shots : 12 - Penalty Minutes : 8

Official

Referees : Beaudry Halkidis and Trey Pecina
Linesman : Bryan Pancich and Kyle Flemington

Game Notes

No Game Note

Finance

Level 1 -- Attendance: 4555 (75,92%) -- Ticket Income $455,500
Level 2 -- Attendance: 4270 (85,40%) -- Ticket Income $256,200
Level 3 -- Attendance: 2000 (100,00%) -- Ticket Income $70,000
Level 4 -- Attendance: 2984 (74,60%) -- Ticket Income $74,600
Luxury Box -- Attendance: 794 (79,40%) -- Ticket Income $158,800
Total Attendance: 14603 (81,13%)
Total Ticket Income: $1,015,100
Other Income: $253,775
Total Income: $1,268,875

LOS ANGELES Kings

5 vs 5 Forward 
   Center                   Left Wing                Right Wing               Time % Phy DF OF 
 1 Anze Kopitar             Dominik Kubalik          Mitchell Marner          41     1   2  2  
 2 Dawson Mercer            Jonathan Huberdeau       Mark Stone               31     1   2  2  
 3 Oskar Sundqvist          Carl Grundstrom          Rem Pitlick              20     2   2  1  
 4 Anze Kopitar             Pierre Engvall           Mitchell Marner          8      1   2  2  

5 vs 5 Defense 
   Defense                  Defense                                           Time % Phy DF OF 
 1 Drew Doughty             Marc Staal                                        40     1   2  2  
 2 Rasmus Andersson         Hampus Lindholm                                   30     1   2  2  
 3 Marcus Pettersson        Calle Rosen                                       20     1   2  2  
 4 Drew Doughty             Rasmus Andersson                                  10     1   2  2  

PowerPlay Forward 
   Center                   Left Wing                Right Wing               Time % Phy DF OF 
 1 Anze Kopitar             Jonathan Huberdeau       Mitchell Marner          60     1   1  3  
 2 Dawson Mercer            Dominik Kubalik          Mark Stone               40     1   1  3  

PowerPlay Defense
   Defense                  Defense                                           Time % Phy DF OF 
 1 Drew Doughty             Rasmus Andersson                                  60     1   2  2  
 2 Marcus Pettersson        Hampus Lindholm                                   40     1   2  2  

Penalty Kill 4 Players Forward 
   Center                   Wing                     Time % Phy DF OF 
 1 Dawson Mercer            Pierre Engvall           60     1   3  1  
 2 Anze Kopitar             Mitchell Marner          40     1   3  1  

Penalty Kill 4 Players Defense
   Defense                  Defense                  Time % Phy DF OF 
 1 Marcus Pettersson        Rasmus Andersson         60     1   2  2  
 2 Hampus Lindholm          Drew Doughty             40     1   2  2  

Penalty Kill - 3 Players Forward 
   Forward                                           Time % Phy DF OF 
 1 Dawson Mercer                                     60     1   3  1  
 2 Anze Kopitar                                      40     1   3  1  

Penalty Kill - 3 Players Defense
   Defense                  Defense                  Time % Phy DF OF 
 1 Marcus Pettersson        Rasmus Andersson         60     1   2  2  
 2 Drew Doughty             Hampus Lindholm          40     1   2  2  

4 vs 4 Forward 
   Center                   Wing                     Time % Phy DF OF 
 1 Anze Kopitar             Mitchell Marner          60     1   2  2  
 2 Dawson Mercer            Jonathan Huberdeau       40     1   2  2  

4 vs 4 Defense
   Defense                  Defense                  Time % Phy DF OF 
 1 Drew Doughty             Rasmus Andersson         60     1   2  2  
 2 Marc Staal               Hampus Lindholm          40     1   2  2  

Last Minutes Offensive
   Center                   Left Wing                Right Wing               Defense                  Defense                  
   Anze Kopitar             Jonathan Huberdeau       Mitchell Marner          Drew Doughty             Rasmus Andersson         

Last Minutes Defensive
   Center                   Left Wing                Right Wing               Defense                  Defense                  
   Anze Kopitar             Jonathan Huberdeau       Mitchell Marner          Drew Doughty             Rasmus Andersson         

Goaltenders
Starting : Kaapo Kahkonen           
Backup : Vitek Vanecek            

Extra Forwards
Normal : Anze Kopitar, Mitchell Marner, Jonathan Huberdeau - PP : Anze Kopitar, Mitchell Marner - PK : Mitchell Marner
Extra Defensemen
Normal : Marcus Pettersson, Drew Doughty, Rasmus Andersson - PP : Marcus Pettersson - PK : Drew Doughty, Rasmus Andersson
Penalty Shots
Mitchell Marner, Jonathan Huberdeau, Mark Stone, Anze Kopitar, Dawson Mercer

Scratches
None

SEATTLE Kraken

5 vs 5 Forward 
   Center                   Left Wing                Right Wing               Time % Phy DF OF 
 1 Luke Kunin               Brendan Lemieux          Jordan Greenway          40     1   2  2  
 2 Matty Beniers            Matt Martin              Liam O'Brien             30     1   2  2  
 3 Zack MacEwen             Ryan Kesler              Brendan Lemieux          20     1   2  2  
 4 Mathieu Olivier          Wayne Simmonds           Givani Smith             10     1   2  2  

5 vs 5 Defense 
   Defense                  Defense                                           Time % Phy DF OF 
 1 Radko Gudas              Jake Gardiner                                     40     1   2  2  
 2 Jakub Zboril             Arber Xhekaj                                      30     1   2  2  
 3 Jordan Gross             Joel Hanley                                       20     1   2  2  
 4 Radko Gudas              Jake Gardiner                                     10     1   2  2  

PowerPlay Forward 
   Center                   Left Wing                Right Wing               Time % Phy DF OF 
 1 Luke Kunin               Brendan Lemieux          Jordan Greenway          60     1   2  2  
 2 Matty Beniers            Matt Martin              Wayne Simmonds           40     1   2  2  

PowerPlay Defense
   Defense                  Defense                                           Time % Phy DF OF 
 1 Radko Gudas              Joel Hanley                                       60     1   2  2  
 2 Jakub Zboril             Jake Gardiner                                     40     1   2  2  

Penalty Kill 4 Players Forward 
   Center                   Wing                     Time % Phy DF OF 
 1 Brendan Lemieux          Luke Kunin               60     1   2  2  
 2 Jordan Greenway          Matt Martin              40     1   2  2  

Penalty Kill 4 Players Defense
   Defense                  Defense                  Time % Phy DF OF 
 1 Jake Gardiner            Radko Gudas              60     1   2  2  
 2 Jakub Zboril             Joel Hanley              40     1   2  2  

Penalty Kill - 3 Players Forward 
   Forward                                           Time % Phy DF OF 
 1 Jordan Greenway                                   60     1   2  2  
 2 Luke Kunin                                        40     1   2  2  

Penalty Kill - 3 Players Defense
   Defense                  Defense                  Time % Phy DF OF 
 1 Radko Gudas              Joel Hanley              60     1   2  2  
 2 Jakub Zboril             Jake Gardiner            40     1   2  2  

4 vs 4 Forward 
   Center                   Wing                     Time % Phy DF OF 
 1 Luke Kunin               Jordan Greenway          60     1   2  2  
 2 Brendan Lemieux          Matt Martin              40     1   2  2  

4 vs 4 Defense
   Defense                  Defense                  Time % Phy DF OF 
 1 Joel Hanley              Jake Gardiner            60     1   2  2  
 2 Jakub Zboril             Jordan Gross             40     1   2  2  

Last Minutes Offensive
   Center                   Left Wing                Right Wing               Defense                  Defense                  
   Luke Kunin               Brendan Lemieux          Jordan Greenway          Radko Gudas              Jake Gardiner            

Last Minutes Defensive
   Center                   Left Wing                Right Wing               Defense                  Defense                  
   Luke Kunin               Brendan Lemieux          Jordan Greenway          Radko Gudas              Jake Gardiner            

Goaltenders
Starting : Sergei Bobrovsky         
Backup : Laurent Brossoit         

Extra Forwards
Normal : Jordan Greenway, Brendan Lemieux, Luke Kunin - PP : Luke Kunin, Brendan Lemieux - PK : Luke Kunin
Extra Defensemen
Normal : Jordan Gross, Joel Hanley, Jakub Zboril - PP : Jakub Zboril - PK : Joel Hanley, Jakub Zboril
Penalty Shots
Brendan Lemieux, Luke Kunin, Jordan Greenway, Matt Martin, Wayne Simmonds

Scratches
Carey Price (Healthy)

% Time on Ice - LOS ANGELES Kings

Lines # - Real PCT - Wanted PCT - Time Play
Normal Forward
1 - 34% - 41% - 14:17
2 - 30% - 31% - 12:40
3 - 34% - 20% - 14:13
4 - 3% - 8% - 1:04
Normal Defense
1 - 36% - 40% - 15:14
2 - 28% - 30% - 11:54
3 - 34% - 20% - 14:21
4 - 2% - 10% - 0:45
PP Forward
1 - 52% - 60% - 4:08
2 - 48% - 40% - 3:48
PP Defense
1 - 53% - 60% - 4:13
2 - 47% - 40% - 3:43
PK Forward
1 - 81% - 60% - 7:19
2 - 19% - 40% - 1:44
PK Defense
1 - 67% - 60% - 6:02
2 - 33% - 40% - 3:01
PK3 Forward
1 - 0% - 60%
2 - 0% - 40%
PK3 Defense
1 - 0% - 60%
2 - 0% - 40%
44 Forward
1 - 0% - 60%
2 - 0% - 40%
44 Defense
1 - 0% - 60%
2 - 0% - 40%
Last Minute Offensive  - 0:47
Last Minute Defensive  - 0:00
Total
Forward - 60:00
Defense - 60:00

% Time on Ice - SEATTLE Kraken

Lines # - Real PCT - Wanted PCT - Time Play
Normal Forward
1 - 31% - 40% - 13:13
2 - 31% - 30% - 12:55
3 - 11% - 20% - 4:31
4 - 27% - 10% - 11:35
Normal Defense
1 - 33% - 40% - 13:48
2 - 35% - 30% - 14:48
3 - 30% - 20% - 12:38
4 - 2% - 10% - 1:00
PP Forward
1 - 40% - 60% - 3:36
2 - 60% - 40% - 5:27
PP Defense
1 - 43% - 60% - 3:54
2 - 57% - 40% - 5:09
PK Forward
1 - 66% - 60% - 5:16
2 - 34% - 40% - 2:40
PK Defense
1 - 65% - 60% - 5:11
2 - 35% - 40% - 2:45
PK3 Forward
1 - 0% - 60%
2 - 0% - 40%
PK3 Defense
1 - 0% - 60%
2 - 0% - 40%
44 Forward
1 - 0% - 60%
2 - 0% - 40%
44 Defense
1 - 0% - 60%
2 - 0% - 40%
Last Minute Offensive  - 0:00
Last Minute Defensive  - 0:47
Total
Forward - 60:00
Defense - 60:00

Play-by-Play

1st period


0:01 of 1st period - Anze Kopitar wins face-off versus Luke Kunin in neutral zone.
0:04 of 1st period - Luke Kunin is hit by Dominik Kubalik and loses puck.
1:03 of 1st period - Shot by Matty Beniers.
1:03 of 1st period - Shot Blocked by Hampus Lindholm.
1:12 of 1st period - Jonathan Huberdeau is hit by Arber Xhekaj and loses puck.
1:34 of 1st period - Minor Penalty to Arber Xhekaj for Interference.
1:35 of 1st period - Anze Kopitar wins face-off versus Brendan Lemieux in SEATTLE Kraken zone.
1:56 of 1st period - Shot by Mitchell Marner.
1:56 of 1st period - Shot Misses the Net.
1:58 of 1st period - Shot by Marcus Pettersson.
1:58 of 1st period - Shot Blocked by Brendan Lemieux.
2:00 of 1st period - Shot by Hampus Lindholm.
2:00 of 1st period - Shot Misses the Net.
2:02 of 1st period - Shot by Anze Kopitar.
2:02 of 1st period - Shot Misses the Net.
2:04 of 1st period - Shot by Mitchell Marner.
2:04 of 1st period - Stopped by Sergei Bobrovsky without a rebound.
2:05 of 1st period - Dawson Mercer wins face-off versus Matt Martin in SEATTLE Kraken zone.
2:58 of 1st period - Shot by Hampus Lindholm.
2:58 of 1st period - Shot Blocked by Joel Hanley.
3:00 of 1st period - Shot by Mitchell Marner.
3:00 of 1st period - Shot Misses the Net.
3:15 of 1st period - Mitchell Marner is hit by Jakub Zboril and loses puck.
3:20 of 1st period - Shot by Mitchell Marner.
3:20 of 1st period - Shot Hit the Post.
3:30 of 1st period - Shot by Drew Doughty.
3:30 of 1st period - Shot Blocked by Jordan Greenway.
4:10 of 1st period - Shot by Brendan Lemieux.
4:10 of 1st period - Stopped by Kaapo Kahkonen without a rebound.
4:11 of 1st period - Mathieu Olivier wins face-off versus Dawson Mercer in LOS ANGELES Kings zone.
4:15 of 1st period - Wayne Simmonds is hit by Drew Doughty and loses puck.
5:55 of 1st period - Shot by Rem Pitlick.
5:55 of 1st period - Shot Blocked by Jakub Zboril.
5:57 of 1st period - Shot by Carl Grundstrom.
5:57 of 1st period - Shot Hit the Post.
5:59 of 1st period - Shot by Carl Grundstrom.
5:59 of 1st period - Shot Misses the Net.
6:11 of 1st period - Shot by Matty Beniers.
6:11 of 1st period - Stopped by Kaapo Kahkonen without a rebound.
6:12 of 1st period - Dawson Mercer wins face-off versus Luke Kunin in LOS ANGELES Kings zone.
7:16 of 1st period - Wayne Simmonds is hit by Rasmus Andersson and loses puck.
7:30 of 1st period - Icing by Hampus Lindholm.
7:31 of 1st period - Matty Beniers wins face-off versus Anze Kopitar in LOS ANGELES Kings zone.
8:09 of 1st period - Dominik Kubalik is hit by Matt Martin and loses puck.
8:27 of 1st period - Icing by Drew Doughty.
8:28 of 1st period - Mathieu Olivier wins face-off versus Oskar Sundqvist in LOS ANGELES Kings zone.
8:31 of 1st period - Shot by Givani Smith.
8:31 of 1st period - Stopped by Kaapo Kahkonen with a rebound.
8:33 of 1st period - Shot by Mathieu Olivier.
8:33 of 1st period - Stopped by Kaapo Kahkonen without a rebound.
8:34 of 1st period - Luke Kunin wins face-off versus Dawson Mercer in LOS ANGELES Kings zone.
8:49 of 1st period - Shot by Jonathan Huberdeau.
8:49 of 1st period - Goal by Jonathan Huberdeau - LOS ANGELES Kings : 1 - SEATTLE Kraken : 0.
8:50 of 1st period - Mathieu Olivier wins face-off versus Oskar Sundqvist in neutral zone.
9:48 of 1st period - Icing by Radko Gudas.
9:49 of 1st period - Luke Kunin wins face-off versus Anze Kopitar in SEATTLE Kraken zone.
9:49 of 1st period - Luke Kunin is hit by Mitchell Marner.
9:55 of 1st period - Dominik Kubalik is hit by Brendan Lemieux.
10:05 of 1st period - Shot by Mitchell Marner.
10:05 of 1st period - Shot Blocked by Jake Gardiner.
10:07 of 1st period - Shot by Anze Kopitar.
10:07 of 1st period - Shot Misses the Net.
10:13 of 1st period - Shot by Anze Kopitar.
10:13 of 1st period - Shot Misses the Net.
10:15 of 1st period - Shot by Marc Staal.
10:15 of 1st period - Stopped by Sergei Bobrovsky without a rebound.
10:16 of 1st period - Dawson Mercer wins face-off versus Matty Beniers in SEATTLE Kraken zone.
10:50 of 1st period - Shot by Hampus Lindholm.
10:50 of 1st period - Shot Blocked by Matt Martin.
10:52 of 1st period - Shot by Dawson Mercer.
10:52 of 1st period - Shot Misses the Net.
10:54 of 1st period - Shot by Hampus Lindholm.
10:54 of 1st period - Shot Misses the Net.
10:56 of 1st period - Shot by Mark Stone.
10:56 of 1st period - Shot Misses the Net.
12:14 of 1st period - Minor Penalty to Oskar Sundqvist for Holding.
12:15 of 1st period - Matty Beniers wins face-off versus Dawson Mercer in LOS ANGELES Kings zone.
14:39 of 1st period - Shot by Ryan Kesler.
14:39 of 1st period - Shot Blocked by Marc Staal.
14:41 of 1st period - Shot by Zack MacEwen.
14:41 of 1st period - Shot Misses the Net.
14:43 of 1st period - Shot by Ryan Kesler.
14:43 of 1st period - Stopped by Kaapo Kahkonen without a rebound.
14:44 of 1st period - Mathieu Olivier wins face-off versus Mitchell Marner in LOS ANGELES Kings zone.
15:33 of 1st period - Shot by Luke Kunin.
15:33 of 1st period - Stopped by Kaapo Kahkonen without a rebound.
15:34 of 1st period - Oskar Sundqvist wins face-off versus Zack MacEwen in LOS ANGELES Kings zone.
15:34 of 1st period - Oskar Sundqvist is hit by Zack MacEwen.
15:56 of 1st period - Shot by Oskar Sundqvist.
15:56 of 1st period - Stopped by Sergei Bobrovsky without a rebound.
15:57 of 1st period - Anze Kopitar wins face-off versus Luke Kunin in SEATTLE Kraken zone.
15:58 of 1st period - Shot by Mitchell Marner.
15:58 of 1st period - Shot Misses the Net.
16:03 of 1st period - Jordan Gross is hit by Dominik Kubalik and loses puck.
16:26 of 1st period - Hampus Lindholm is hit by Luke Kunin and loses puck.
16:42 of 1st period - Icing by Rasmus Andersson.
16:43 of 1st period - Matty Beniers wins face-off versus Anze Kopitar in LOS ANGELES Kings zone.
16:50 of 1st period - Shot by Matty Beniers.
16:50 of 1st period - Shot Misses the Net.
17:14 of 1st period - Icing by Anze Kopitar.
17:15 of 1st period - Mathieu Olivier wins face-off versus Anze Kopitar in LOS ANGELES Kings zone.
18:39 of 1st period - Luke Kunin is hit by Marcus Pettersson and loses puck.
18:45 of 1st period - Off-side.
18:46 of 1st period - Matty Beniers wins face-off versus Oskar Sundqvist in neutral zone.
19:57 of 1st period - Shot by Wayne Simmonds.
19:57 of 1st period - Stopped by Kaapo Kahkonen without a rebound.
19:58 of 1st period - Dawson Mercer wins face-off versus Luke Kunin in LOS ANGELES Kings zone.
Goals for this period are 1 for LOS ANGELES Kings vs 0 for SEATTLE Kraken.
Shots for this period are 4 for LOS ANGELES Kings vs 7 for SEATTLE Kraken.

2nd period


0:01 of 2nd period - Luke Kunin wins face-off versus Anze Kopitar in neutral zone.
0:42 of 2nd period - Icing by Radko Gudas.
0:43 of 2nd period - Luke Kunin wins face-off versus Dawson Mercer in SEATTLE Kraken zone.
0:43 of 2nd period - Luke Kunin is hit by Jonathan Huberdeau.
0:50 of 2nd period - Off-side.
0:51 of 2nd period - Dawson Mercer wins face-off versus Matty Beniers in neutral zone.
1:28 of 2nd period - Calle Rosen is hit by Joel Hanley and loses puck.
2:34 of 2nd period - Icing by Drew Doughty.
2:35 of 2nd period - Anze Kopitar wins face-off versus Luke Kunin in LOS ANGELES Kings zone.
2:44 of 2nd period - Shot by Jordan Greenway.
2:44 of 2nd period - Goal by Jordan Greenway - LOS ANGELES Kings : 1 - SEATTLE Kraken : 1.
2:45 of 2nd period - Dawson Mercer wins face-off versus Zack MacEwen in neutral zone.
2:45 of 2nd period - Dawson Mercer is hit by Brendan Lemieux.
3:08 of 2nd period - Zack MacEwen is hit by Rasmus Andersson and loses puck.
3:16 of 2nd period - Zack MacEwen is hit by Rasmus Andersson and loses puck.
4:28 of 2nd period - Icing by Joel Hanley.
4:29 of 2nd period - Anze Kopitar wins face-off versus Matty Beniers in SEATTLE Kraken zone.
4:29 of 2nd period - Mitchell Marner is hit by Joel Hanley and loses puck.
4:30 of 2nd period - Minor Penalty to Joel Hanley for Slashing.
4:31 of 2nd period - Anze Kopitar wins face-off versus Brendan Lemieux in SEATTLE Kraken zone.
5:08 of 2nd period - Shot by Rasmus Andersson.
5:08 of 2nd period - Shot Misses the Net.
5:46 of 2nd period - Dawson Mercer is hit by Radko Gudas and loses puck.
6:14 of 2nd period - Drew Doughty is hit by Jordan Gross and loses puck.
6:43 of 2nd period - Shot by Jakub Zboril.
6:43 of 2nd period - Shot Misses the Net.
6:52 of 2nd period - Carl Grundstrom is hit by Arber Xhekaj and loses puck.
7:01 of 2nd period - Shot by Calle Rosen.
7:01 of 2nd period - Shot Misses the Net.
7:03 of 2nd period - Shot by Oskar Sundqvist.
7:03 of 2nd period - Shot Misses the Net.
7:05 of 2nd period - Shot by Marcus Pettersson.
7:05 of 2nd period - Stopped by Sergei Bobrovsky with a rebound.
7:14 of 2nd period - Mathieu Olivier is hit by Mitchell Marner.
7:18 of 2nd period - Drew Doughty is hit by Wayne Simmonds.
7:29 of 2nd period - Icing by Joel Hanley.
7:30 of 2nd period - Mark Stone wins face-off versus Matty Beniers in SEATTLE Kraken zone.
7:43 of 2nd period - Matt Martin is hit by Rasmus Andersson and loses puck.
7:54 of 2nd period - Shot by Matty Beniers.
7:54 of 2nd period - Stopped by Kaapo Kahkonen without a rebound.
7:55 of 2nd period - Oskar Sundqvist wins face-off versus Zack MacEwen in LOS ANGELES Kings zone.
8:18 of 2nd period - Shot by Carl Grundstrom.
8:18 of 2nd period - Stopped by Sergei Bobrovsky without a rebound.
8:19 of 2nd period - Anze Kopitar wins face-off versus Matty Beniers in SEATTLE Kraken zone.
8:34 of 2nd period - Shot by Liam O'Brien.
8:34 of 2nd period - Shot Blocked by Hampus Lindholm.
8:36 of 2nd period - Shot by Jake Gardiner.
8:36 of 2nd period - Shot Blocked by Mitchell Marner.
8:38 of 2nd period - Shot by Matt Martin.
8:38 of 2nd period - Stopped by Kaapo Kahkonen without a rebound.
8:39 of 2nd period - Mathieu Olivier wins face-off versus Oskar Sundqvist in LOS ANGELES Kings zone.
9:41 of 2nd period - Shot by Matty Beniers.
9:41 of 2nd period - Stopped by Kaapo Kahkonen without a rebound.
9:42 of 2nd period - Anze Kopitar wins face-off versus Luke Kunin in LOS ANGELES Kings zone.
10:25 of 2nd period - Icing by Luke Kunin.
10:26 of 2nd period - Dawson Mercer wins face-off versus Luke Kunin in SEATTLE Kraken zone.
11:02 of 2nd period - Off-side.
11:03 of 2nd period - Oskar Sundqvist wins face-off versus Matty Beniers in neutral zone.
11:03 of 2nd period - Oskar Sundqvist is hit by Matt Martin.
12:04 of 2nd period - Icing by Oskar Sundqvist.
12:05 of 2nd period - Oskar Sundqvist wins face-off versus Mathieu Olivier in LOS ANGELES Kings zone.
12:14 of 2nd period - Marcus Pettersson is hit by Wayne Simmonds and loses puck.
12:38 of 2nd period - Icing by Givani Smith.
12:39 of 2nd period - Anze Kopitar wins face-off versus Mathieu Olivier in SEATTLE Kraken zone.
12:48 of 2nd period - Shot by Anze Kopitar.
12:48 of 2nd period - Stopped by Sergei Bobrovsky with a rebound.
13:12 of 2nd period - Mitchell Marner is hit by Brendan Lemieux and loses puck.
14:39 of 2nd period - Minor Penalty to Rasmus Andersson for High sticking.
14:40 of 2nd period - Matty Beniers wins face-off versus Dawson Mercer in LOS ANGELES Kings zone.
14:54 of 2nd period - Shot by Matt Martin.
14:54 of 2nd period - Deflect By Matty Beniers.
14:54 of 2nd period - Stopped by Kaapo Kahkonen without a rebound.
14:55 of 2nd period - Matty Beniers wins face-off versus Mitchell Marner in LOS ANGELES Kings zone.
15:20 of 2nd period - Shot by Matty Beniers.
15:20 of 2nd period - Shot Misses the Net.
15:44 of 2nd period - Shot by Jordan Greenway.
15:44 of 2nd period - Shot Misses the Net.
15:46 of 2nd period - Shot by Radko Gudas.
15:46 of 2nd period - Goal by Radko Gudas - LOS ANGELES Kings : 1 - SEATTLE Kraken : 2.
15:47 of 2nd period - Oskar Sundqvist wins face-off versus Zack MacEwen in neutral zone.
15:52 of 2nd period - Shot by Carl Grundstrom.
15:52 of 2nd period - Deflect By Oskar Sundqvist.
15:52 of 2nd period - Shot Blocked by Arber Xhekaj.
15:57 of 2nd period - Arber Xhekaj is hit by Rasmus Andersson and loses puck.
16:00 of 2nd period - Shot by Ryan Kesler.
16:00 of 2nd period - Shot Misses the Net.
16:02 of 2nd period - Shot by Zack MacEwen.
16:02 of 2nd period - Goal by Zack MacEwen - LOS ANGELES Kings : 1 - SEATTLE Kraken : 3.
16:03 of 2nd period - Mathieu Olivier wins face-off versus Dawson Mercer in neutral zone.
16:08 of 2nd period - Shot by Wayne Simmonds.
16:08 of 2nd period - Shot Misses the Net.
16:43 of 2nd period - Shot by Dawson Mercer.
16:43 of 2nd period - Deflect By Jonathan Huberdeau.
16:43 of 2nd period - Goal by Jonathan Huberdeau - LOS ANGELES Kings : 2 - SEATTLE Kraken : 3.
16:44 of 2nd period - Liam O'Brien wins face-off versus Oskar Sundqvist in neutral zone.
16:50 of 2nd period - Icing by Drew Doughty.
16:51 of 2nd period - Oskar Sundqvist wins face-off versus Luke Kunin in LOS ANGELES Kings zone.
17:22 of 2nd period - Shot by Carl Grundstrom.
17:22 of 2nd period - Shot Blocked by Arber Xhekaj.
17:32 of 2nd period - Shot by Drew Doughty.
17:32 of 2nd period - Shot Misses the Net.
18:16 of 2nd period - Shot by Matty Beniers.
18:16 of 2nd period - Deflect By Matt Martin.
18:16 of 2nd period - Stopped by Kaapo Kahkonen without a rebound.
18:17 of 2nd period - Jonathan Huberdeau wins face-off versus Givani Smith in LOS ANGELES Kings zone.
18:22 of 2nd period - Joel Hanley is hit by Jonathan Huberdeau and loses puck.
18:30 of 2nd period - Icing by Jordan Gross.
18:31 of 2nd period - Mathieu Olivier wins face-off versus Dawson Mercer in SEATTLE Kraken zone.
18:31 of 2nd period - Mathieu Olivier is hit by Mark Stone.
18:49 of 2nd period - Shot by Wayne Simmonds.
18:49 of 2nd period - Shot Blocked by Drew Doughty.
19:37 of 2nd period - Minor Penalty to Mitchell Marner for Interference.
19:38 of 2nd period - Luke Kunin wins face-off versus Dawson Mercer in LOS ANGELES Kings zone.
Goals for this period are 1 for LOS ANGELES Kings vs 3 for SEATTLE Kraken.
Shots for this period are 4 for LOS ANGELES Kings vs 8 for SEATTLE Kraken.

3rd period


0:01 of 3rd period - Dawson Mercer wins face-off versus Luke Kunin in neutral zone.
0:24 of 3rd period - Shot by Jordan Greenway.
0:24 of 3rd period - Stopped by Kaapo Kahkonen with a rebound.
0:40 of 3rd period - Shot by Radko Gudas.
0:40 of 3rd period - Shot Misses the Net.
0:52 of 3rd period - Shot by Matty Beniers.
0:52 of 3rd period - Stopped by Kaapo Kahkonen without a rebound.
0:53 of 3rd period - Dawson Mercer wins face-off versus Matty Beniers in LOS ANGELES Kings zone.
0:53 of 3rd period - Pierre Engvall is hit by Matt Martin and loses puck.
1:17 of 3rd period - Icing by Wayne Simmonds.
1:18 of 3rd period - Matty Beniers wins face-off versus Dawson Mercer in SEATTLE Kraken zone.
1:23 of 3rd period - Shot by Matty Beniers.
1:23 of 3rd period - Deflect By Wayne Simmonds.
1:23 of 3rd period - Shot Misses the Net.
1:25 of 3rd period - Shot by Jakub Zboril.
1:25 of 3rd period - Shot Misses the Net.
1:48 of 3rd period - Shot by Brendan Lemieux.
1:48 of 3rd period - Shot Misses the Net.
2:01 of 3rd period - Icing by Jordan Gross.
2:02 of 3rd period - Zack MacEwen wins face-off versus Oskar Sundqvist in SEATTLE Kraken zone.
2:02 of 3rd period - Zack MacEwen is hit by Rem Pitlick.
2:17 of 3rd period - Shot by Zack MacEwen.
2:17 of 3rd period - Stopped by Kaapo Kahkonen without a rebound.
2:18 of 3rd period - Matty Beniers wins face-off versus Dawson Mercer in LOS ANGELES Kings zone.
3:11 of 3rd period - Shot by Jordan Greenway.
3:11 of 3rd period - Shot Misses the Net.
3:13 of 3rd period - Shot by Luke Kunin.
3:13 of 3rd period - Shot Misses the Net.
3:15 of 3rd period - Shot by Luke Kunin.
3:15 of 3rd period - Stopped by Kaapo Kahkonen with a rebound.
3:17 of 3rd period - Shot by Luke Kunin.
3:17 of 3rd period - Deflect By Jordan Greenway.
3:17 of 3rd period - Shot Blocked by Calle Rosen.
3:23 of 3rd period - Shot by Luke Kunin.
3:23 of 3rd period - Shot Blocked by Calle Rosen.
3:25 of 3rd period - Shot by Arber Xhekaj.
3:25 of 3rd period - Stopped by Kaapo Kahkonen with a rebound.
3:27 of 3rd period - Shot by Luke Kunin.
3:27 of 3rd period - Shot Misses the Net.
3:47 of 3rd period - Minor Penalty to Marcus Pettersson for Slashing.
3:48 of 3rd period - Anze Kopitar wins face-off versus Matt Martin in LOS ANGELES Kings zone.
4:11 of 3rd period - Shot by Matty Beniers.
4:11 of 3rd period - Stopped by Kaapo Kahkonen without a rebound.
4:12 of 3rd period - Luke Kunin wins face-off versus Mitchell Marner in LOS ANGELES Kings zone.
4:15 of 3rd period - Shot by Jordan Greenway.
4:15 of 3rd period - Stopped by Kaapo Kahkonen without a rebound.
4:16 of 3rd period - Luke Kunin wins face-off versus Mitchell Marner in LOS ANGELES Kings zone.
4:36 of 3rd period - Off-side.
4:37 of 3rd period - Dawson Mercer wins face-off versus Matty Beniers in neutral zone.
6:02 of 3rd period - Shot by Brendan Lemieux.
6:02 of 3rd period - Stopped by Kaapo Kahkonen without a rebound.
6:03 of 3rd period - Dominik Kubalik wins face-off versus Jordan Greenway in LOS ANGELES Kings zone.
6:46 of 3rd period - Mitchell Marner is hit by Jordan Greenway and loses puck.
6:54 of 3rd period - Icing by Marcus Pettersson.
6:55 of 3rd period - Anze Kopitar wins face-off versus Givani Smith in LOS ANGELES Kings zone.
7:30 of 3rd period - Shot by Givani Smith.
7:30 of 3rd period - Stopped by Kaapo Kahkonen without a rebound.
7:31 of 3rd period - Dawson Mercer wins face-off versus Matty Beniers in LOS ANGELES Kings zone.
7:52 of 3rd period - Shot by Jonathan Huberdeau.
7:52 of 3rd period - Stopped by Sergei Bobrovsky without a rebound.
7:53 of 3rd period - Oskar Sundqvist wins face-off versus Jordan Greenway in SEATTLE Kraken zone.
8:08 of 3rd period - Shot by Carl Grundstrom.
8:08 of 3rd period - Shot Blocked by Jordan Greenway.
8:15 of 3rd period - Off-side.
8:16 of 3rd period - Dawson Mercer wins face-off versus Matty Beniers in neutral zone.
8:18 of 3rd period - Minor Penalty to Radko Gudas for Interference.
8:19 of 3rd period - Dawson Mercer wins face-off versus Luke Kunin in SEATTLE Kraken zone.
9:20 of 3rd period - Shot by Matt Martin.
9:20 of 3rd period - Shot Misses the Net.
9:43 of 3rd period - Icing by Mitchell Marner.
9:44 of 3rd period - Brendan Lemieux wins face-off versus Anze Kopitar in LOS ANGELES Kings zone.
9:56 of 3rd period - Icing by Marcus Pettersson.
9:57 of 3rd period - Anze Kopitar wins face-off versus Brendan Lemieux in LOS ANGELES Kings zone.
10:24 of 3rd period - Shot by Matty Beniers.
10:24 of 3rd period - Shot Misses the Net.
10:41 of 3rd period - Matty Beniers is hit by Drew Doughty and loses puck.
10:48 of 3rd period - Shot by Liam O'Brien.
10:48 of 3rd period - Shot Misses the Net.
11:13 of 3rd period - Givani Smith is hit by Drew Doughty and loses puck.
11:17 of 3rd period - Minor Penalty to Marc Staal for Hooking.
11:18 of 3rd period - Luke Kunin wins face-off versus Dawson Mercer in LOS ANGELES Kings zone.
11:21 of 3rd period - Shot by Luke Kunin.
11:21 of 3rd period - Shot Misses the Net.
11:23 of 3rd period - Shot by Luke Kunin.
11:23 of 3rd period - Shot Blocked by Dawson Mercer.
11:25 of 3rd period - Shot by Jakub Zboril.
11:25 of 3rd period - Stopped by Kaapo Kahkonen with a rebound.
11:27 of 3rd period - Shot by Radko Gudas.
11:27 of 3rd period - Shot Misses the Net.
11:45 of 3rd period - Shot by Jordan Greenway.
11:45 of 3rd period - Shot Blocked by Rasmus Andersson.
11:47 of 3rd period - Shot by Radko Gudas.
11:47 of 3rd period - Shot Misses the Net.
12:11 of 3rd period - Shot by Radko Gudas.
12:11 of 3rd period - Deflect By Matt Martin.
12:11 of 3rd period - Shot Misses the Net.
12:19 of 3rd period - Shot by Matty Beniers.
12:19 of 3rd period - Deflect By Matt Martin.
12:19 of 3rd period - Stopped by Kaapo Kahkonen without a rebound.
12:20 of 3rd period - Luke Kunin wins face-off versus Anze Kopitar in LOS ANGELES Kings zone.
12:47 of 3rd period - Shot by Jordan Greenway.
12:47 of 3rd period - Stopped by Kaapo Kahkonen without a rebound.
12:48 of 3rd period - Matty Beniers wins face-off versus Dawson Mercer in LOS ANGELES Kings zone.
12:48 of 3rd period - Matty Beniers is hit by Drew Doughty.
13:00 of 3rd period - Shot by Radko Gudas.
13:00 of 3rd period - Shot Misses the Net.
13:02 of 3rd period - Shot by Radko Gudas.
13:02 of 3rd period - Shot Misses the Net.
13:06 of 3rd period - Shot by Matty Beniers.
13:06 of 3rd period - Stopped by Kaapo Kahkonen without a rebound.
13:07 of 3rd period - Anze Kopitar wins face-off versus Matt Martin in LOS ANGELES Kings zone.
13:17 of 3rd period - Off-side.
13:18 of 3rd period - Mathieu Olivier wins face-off versus Anze Kopitar in neutral zone.
13:21 of 3rd period - Shot by Radko Gudas.
13:21 of 3rd period - Shot Misses the Net.
13:39 of 3rd period - Shot by Givani Smith.
13:39 of 3rd period - Stopped by Kaapo Kahkonen without a rebound.
13:40 of 3rd period - Matty Beniers wins face-off versus Oskar Sundqvist in LOS ANGELES Kings zone.
13:51 of 3rd period - Jordan Gross is hit by Carl Grundstrom and loses puck.
14:11 of 3rd period - Shot by Carl Grundstrom.
14:11 of 3rd period - Stopped by Sergei Bobrovsky without a rebound.
14:12 of 3rd period - Anze Kopitar wins face-off versus Luke Kunin in SEATTLE Kraken zone.
14:35 of 3rd period - Mitchell Marner is hit by Jakub Zboril.
15:19 of 3rd period - Shot by Jonathan Huberdeau.
15:19 of 3rd period - Shot Blocked by Radko Gudas.
15:29 of 3rd period - Shot by Matt Martin.
15:29 of 3rd period - Shot Blocked by Marc Staal.
15:31 of 3rd period - Shot by Radko Gudas.
15:31 of 3rd period - Stopped by Kaapo Kahkonen without a rebound.
15:32 of 3rd period - Mathieu Olivier wins face-off versus Oskar Sundqvist in LOS ANGELES Kings zone.
16:29 of 3rd period - Shot by Matty Beniers.
16:29 of 3rd period - Shot Blocked by Oskar Sundqvist.
16:31 of 3rd period - Shot by Matt Martin.
16:31 of 3rd period - Shot Blocked by Marcus Pettersson.
16:47 of 3rd period - Shot by Liam O'Brien.
16:47 of 3rd period - Shot Misses the Net.
16:56 of 3rd period - Off-side.
16:57 of 3rd period - Luke Kunin wins face-off versus Anze Kopitar in neutral zone.
17:13 of 3rd period - Minor Penalty to Arber Xhekaj for Hooking.
17:14 of 3rd period - Dawson Mercer wins face-off versus Brendan Lemieux in SEATTLE Kraken zone.
17:19 of 3rd period - Shot by Drew Doughty.
17:19 of 3rd period - Shot Misses the Net.
18:32 of 3rd period - Shot by Jonathan Huberdeau.
18:32 of 3rd period - Shot Misses the Net.
18:34 of 3rd period - Shot by Mitchell Marner.
18:34 of 3rd period - Shot Misses the Net.
18:36 of 3rd period - Shot by Hampus Lindholm.
18:36 of 3rd period - Shot Blocked by Liam O'Brien.
18:38 of 3rd period - Shot by Anze Kopitar.
18:38 of 3rd period - Stopped by Sergei Bobrovsky with a rebound.
18:52 of 3rd period - LOS ANGELES Kings, Kaapo Kahkonen is pulled from the net.
19:10 of 3rd period - Shot by Dominik Kubalik.
19:10 of 3rd period - Deflect By Dawson Mercer.
19:10 of 3rd period - Shot Misses the Net.
19:28 of 3rd period - Shot by Mitchell Marner.
19:28 of 3rd period - Deflect By Anze Kopitar.
19:28 of 3rd period - Shot Blocked by Joel Hanley.
Goals for this period are 0 for LOS ANGELES Kings vs 0 for SEATTLE Kraken.
Shots for this period are 3 for LOS ANGELES Kings vs 15 for SEATTLE Kraken. Output by the SimonT Hockey Simulator (STHS) for Martin Benoit - Original Page W3C HTML5 Valid
Hockey Simulator - Hockey Simulation - Hockey Manager